 Dungeon Crawl Stone Soup version 0.27.1-2-g3b301248ec (webtiles) character file.

Game seed: 12256865767455486970

25 Descartes the Sneak (level 2, -4/18 HPs)
             Began as a Deep Elf Wanderer on Sept 24, 2021.
             Was a Follower of Nemelex Xobeh.
             Slain by an adder (5 damage)
             ... on level 2 of the Dungeon.
             The game lasted 00:02:30 (1612 turns).

Descartes the Sneak (Deep Elf Wanderer)             Turns: 1612, Time: 00:02:31

Health: -4/18      AC:  2    Str:  8    XL:     2   Next: 86%
Magic:  4/4        EV: 12    Int: 15    God:    Nemelex Xobeh [*.....]
Gold:   33         SH:  0    Dex: 16    Spells: 1/1 levels left

rFire    . . .     SeeInvis .   a - +2 quarterstaff
rCold    . . .     Faith    .   (shield currently unavailable)
rNeg     . . .     Spirit   .   d - +0 robe
rPois    .         Reflect  .   (no helmet)
rElec    .         Harm     .   (no cloak)
rCorr    .         Rampage  .   (no gloves)
Will     .....                  (no boots)
Stlth    ++........             (no amulet)
HPRegen  0.06/turn              (no ring)
MPRegen  0.09/turn              (no ring)

@: no status effects
A: no striking features
a: Renounce Religion, Draw Escape, Draw Destruction, Draw Summoning


You were on level 2 of the Dungeon.
You worshipped Nemelex Xobeh.
Nemelex Xobeh was aware of your devotion.
You visited 1 branch of the dungeon, and saw 2 of its levels.

You collected 33 gold pieces.

Inventory:

Hand Weapons
 a - a +2 quarterstaff (weapon)
 e - a +0 dagger
 f - a +0 dagger of venom
Missiles
 g - 26 stones (quivered)
Armour
 d - a +0 robe (worn)
Scrolls
 b - 2 scrolls of teleportation
 i - a scroll of blinking {unknown}
 j - a scroll of identify {unknown}
Potions
 c - a potion of curing
 h - 2 potions of ambrosia {unknown}


   Skills:
 - Level 2.4 Fighting
 + Level 2.5 Staves
 - Level 1.0 Throwing
 + Level 1.6 Dodging
 + Level 3.2 Stealth
 - Level 1.5 Unarmed Combat


You had one spell level left.
You didn't know any spells.
Your spell library was empty.

Dungeon Overview and Level Annotations

Branches:
Dungeon (2/15)

Altars:
Nemelex Xobeh

Shops:
D:1 (


Message History

You are too injured to fight recklessly!
You are too injured to fight recklessly!
You are too injured to fight recklessly!
You are too injured to fight recklessly!
You are too injured to fight recklessly!
You are too injured to fight recklessly!
You are too injured to fight recklessly!
You are too injured to fight recklessly!
You are too injured to fight recklessly!
You are too injured to fight recklessly!
You are too injured to fight recklessly!
You are too injured to fight recklessly!
You are too injured to fight recklessly!
You are too injured to fight recklessly!
You are too injured to fight recklessly!
You are too injured to fight recklessly!
The goblin barely misses you.
You barely miss the adder.
The adder is almost dead.
The adder barely misses you. The goblin hits you but does no damage.
The adder barely misses you. The goblin barely misses you.
You miss the adder.
The adder is almost dead.
The adder barely misses you. The goblin barely misses you.
You barely miss the adder.
The adder is almost dead.
The adder bites you.
* * * LOW HITPOINT WARNING * * *
The goblin closely misses you. The adder closely misses you.
You barely miss the adder.
The adder is almost dead.
A bat comes into view.
The adder bites you.
* * * LOW HITPOINT WARNING * * *
The goblin hits you but does no damage.
You miss the adder.
The adder is almost dead.
The adder bites you.
You die...
Your body disappears without a glow.

....♣♣..#
#.###...
#.......### #
##.. ####..#...#
#.# ####...# ..#
##########...#
..##
...........###
#...........###
..............#
#.......@...#.#
#......Sg..##...
#.....)........S.
..........>.$....
.##.#...........
#.#.......###. .
..###..... . ...
#..... .... .####


You could see an adder and a goblin.

Vanquished Creatures
  A worm (D:2)
  A dart slug (D:2)
  2 ball pythons (D:1)
  2 endoplasms (D:1)
  A giant cockroach (D:1)
  2 hobgoblins
  A bat (D:1)
  2 frilled lizards (D:1)
  2 goblins
  4 kobolds
  2 rats
20 creatures vanquished.

Notes
Turn   | Place    | Note
-------+----------+-------------------------------------------
     0 | D:1      | Descartes the Deep Elf Wanderer began the quest for the
                  | Orb.
     0 | D:1      | Descartes set off with the following items: a +2
                  | quarterstaff, a scroll of teleportation, a potion of
                  | curing, a +0 robe, a +0 dagger
     0 | D:1      | Reached XP level 1. HP: 13/13 MP: 3/3
   476 | D:1      | Reached skill level 1 in Dodging
   696 | D:1      | Found Gulul's Weapon Boutique.
   709 | D:1      | Reached XP level 2. HP: 18/18 MP: 4/4
  1111 | D:1      | Found a faded altar of an unknown god.
  1124 | D:1      | Became a worshipper of Nemelex Xobeh the Trickster
  1124 | D:1      | Reached * piety under Nemelex Xobeh
  1136 | D:1      | Reached skill level 3 in Stealth
  1612 | D:2      | Slain by an adder

Illustrated notes

Levels and vault maps discovered:
D:1:      eino_arrival_tree_alley, layout_loops_ring, serial_shops,
          nicolae_diamond_shop, dreamdust_ecumenical_altar_grove
D:2:      layout_rooms, eino_tiny_chamber, minmay_door_square,
          minmay_misc_feat_tower, serial_park_tiny_2

Skill      XL: |  1  2 |
---------------+-------+-----
Dodging        | 1 |  1.6
Stealth        | 3 |  3.2
Fighting       | |  2.4
Staves         | |  2.5
Throwing       | |  1.0
Unarmed Combat | |  1.5

Action                   || total
-------------------------++-------
Melee: Quarterstaff      ||    57
 Stab: Sleeping          ||     5
Armor: Robe              ||    11
Dodge: Dodged            ||    38
